AoeStats
← WhyteKev

Black Forest

507407481Analyzed
2v2 RM · 16d ago on Sep 18, 2026· 59m 31s· 4 players
Game mode
Random Map
Map size
Medium (4 player)
Population
200
Speed
Normal
Resources
Standard
Victory
Conquest
Starting age
Dark Age
Ending age
Imperial Age
RankedLock teamsTeams togetherTeam positionsShared explorationLock speedFull tech treeHidden civsTurbo modeCheats
Victory
Defeat
🇺🇸 Italians · United States
1089
+16
🇺🇸 Bohemians · United States
1087
+16
🇲🇽 Lithuanians · Mexico
1140
-19
🇲🇽 Persians · Mexico
1020
-13
Halfah2595
0:27 Loom
14:26 Feudal Age
15:52 Double-Bit Axe
16:13 Horse Collar
18:50 Castle Age
22:15 Bow Saw
25:56 Heavy Plow
26:44 Wheelbarrow
29:35 Hand Cart
33:13 Imperial Age
31:02 Hand Cart
30:34 Town Watch
30:57 Scale Barding Armor
31:03 Forging
34:33 Chain Barding Armor
34:49 Iron Casting
34:40 Redemption
34:29 Elite Leitis
35:36 Conscription
35:41 Block Printing
36:23 Plate Barding Armor
36:42 Bloodlines
36:32 Husbandry
36:40 Tower Shields
37:12 Elite Skirmisher
37:45 Fletching
37:56 Padded Archer Armor
38:58 Chemistry
38:26 Thumb Ring
39:39 Hill Forts
40:09 Caravan
45:40 Onager
52:42 Bodkin Arrow
53:03 Leather Archer Armor
xX DTI Xx pasa
0:28 Loom
14:46 Feudal Age
16:09 Double-Bit Axe
16:26 Horse Collar
18:57 Castle Age
23:05 Wheelbarrow
26:48 Hand Cart
31:10 Town Watch
35:06 Imperial Age
32:37 Town Patrol
32:50 Kamandaran
33:47 Ballistics
34:18 Bow Saw
34:39 Husbandry
34:52 Forging
34:48 Scale Barding Armor
35:03 Bloodlines
36:47 Chemistry
36:24 Iron Casting
35:26 Cavalier
36:41 Scale Mail Armor
37:05 Chain Barding Armor
37:51 Two-Man Saw
36:52 Heavy Plow
36:43 Gold Mining
36:44 Stone Mining
36:20 Heavy Cavalry Archer
37:27 Parthian Tactics
37:07 Padded Archer Armor
36:57 Fletching
37:33 Thumb Ring
37:01 Savar
38:57 Blast Furnace
38:51 Gold Shaft Mining
38:50 Crop Rotation
38:57 Stone Shaft Mining
45:43 Onager
47:31 Plate Barding Armor
46:52 Bodkin Arrow
47:13 Leather Archer Armor
50:28 Crossbowman
54:07 Ring Archer Armor
56:09 Conscription
58:38 Light Cavalry
JP
0:56 Loom
14:00 Feudal Age
17:52 Castle Age
17:36 Horse Collar
17:42 Double-Bit Axe
19:04 Bow Saw
18:57 Heavy Plow
23:25 Fervor
24:48 Wheelbarrow
25:09 Town Watch
26:35 Hand Cart
31:05 Imperial Age
29:28 Town Patrol
30:48 Chemistry
30:54 Forging
30:44 Scale Mail Armor
31:51 Fortified Wall
32:20 Iron Casting
32:29 Conscription
32:16 Wagenburg Tactics
31:53 Pikeman
32:34 Squires
32:45 Caravan
33:23 Hussite Reforms
34:36 Blast Furnace
33:51 Chain Mail Armor
34:51 Chain Mail Armor
34:28 Halberdier
35:19 Houfnice
37:43 Two-Man Saw
37:39 Plate Mail Armor
38:54 Redemption
39:05 Sanctity
39:01 Block Printing
39:57 Devotion
40:02 Atonement
40:30 Illumination
40:45 Theocracy
42:32 Bombard Tower
42:27 Siege Engineers
46:52 Coinage
WhyteKev
0:43 Loom
16:12 Feudal Age
20:32 Castle Age
19:43 Double-Bit Axe
22:20 Horse Collar
26:34 Wheelbarrow
28:14 Hand Cart
28:41 Gold Mining
30:23 Heavy Plow
36:52 Imperial Age
34:36 Fortified Wall
34:41 Bow Saw
34:50 Stone Mining
38:39 Chemistry
38:20 Fletching
40:15 Thumb Ring
40:07 Bodkin Arrow
40:23 Forging
39:37 Light Cavalry
40:33 Bloodlines
41:15 Conscription
42:35 Bracer
44:00 Elite Genoese Crossbowman
44:48 Caravan
44:59 Padded Archer Armor
45:35 Iron Casting
44:25 Hussar
46:34 Husbandry
49:09 Pirotechnia
51:47 Blast Furnace
51:02 Leather Archer Armor
55:07 Bombard Tower
Connection lost

Rejoining the realm…

Still unreachable

The connection could not be restored.

Session expired

The server has moved on; the page needs a fresh start.